 Dungeon Crawl Stone Soup version 0.31.0-11-ge490571c62 (webtiles) character file.

Game seed: 12192598126333957638

1320 qw the Skirmisher (level 8, -3/46 HPs)
             Began as a Deep Elf Hunter on Feb 3, 2024.
             Slain by an iguana (9 damage)
             ... on level 6 of the Dungeon.
             The game lasted 00:00:21 (4266 turns).

qw the Skirmisher (Deep Elf Hunter)                 Turns: 4266, Time: 00:00:22

Health: -3/46      AC: 10    Str: 10    XL:     8   Next: 33%
Magic:  10/10      EV: 12    Int: 15    God:
Gold:   241        SH:  5    Dex: 18    Spells: 7/7 levels left

rFire   + . .        a - +0 shortbow (freeze)
rCold   . . .        (shield currently unavailable)
rNeg    . . .        l - +1 ring mail
rPois   .            c - +2 helmet
rElec   .            (no cloak)
rCorr   .            m - +0 pair of gloves
SInv    .            (no boots)
Will    .....        d - amulet of reflection
Stlth   +            k - ring of protection from fire
HPRegen 0.27/turn    (no ring)
MPRegen 0.12/turn

%: reflection
@: no status effects
A: hooves 1, high MP 1
a: no special abilities


You were on level 6 of the Dungeon.
You visited 1 branch of the dungeon, and saw 6 of its levels.
You also visited: Sewer.

You collected 241 gold pieces.


Innate Abilities, Weirdness & Mutations

You have large cloven feet.
You have an increased reservoir of magic. (+10% MP)


   Skills:
 - Level 3.5 Fighting
 + Level 12.4 Ranged Weapons
 - Level 1.3 Armour
 - Level 4.0 Dodging
 - Level 1.2 Stealth


You had 7 spell levels left.
You didn't know any spells.
Your spell library was empty.

Inventory:

Hand Weapons
 a - a +0 shortbow of freezing (weapon)
Armour
 c - a +2 helmet (worn)
 l - a +1 ring mail (worn)
 m - a +0 pair of gloves (worn)
Jewellery
 d - an amulet of reflection (around neck)
 k - a ring of protection from fire (left hand)
Wands
 b - a wand of iceblast (5)
Potions
 e - 2 potions of mutation
 g - a potion of enlightenment
 h - a potion of might
 j - 4 potions of curing

Dungeon Overview and Level Annotations

Branches:
Dungeon (6/15)              Sewer (visited)
 Temple: D:4-7

Altars:
Dithmenos
Gozag
Makhleb
Ru
Trog
Wu Jian

Shops:
D:3 (

Annotations:
D:5 1 runed translucent door, Crazy Yiuf


Message History

Blork the orc is heavily wounded.
Blork the orc closely misses you.
You shoot an arrow. The arrow hits Blork the orc!
The arrow freezes Blork the orc.
Blork the orc is almost dead.
You hear an angry hiss.
You shoot an arrow. The arrow closely misses Blork the orc.
You block Blork the orc's attack.
You shoot an arrow. The arrow hits Blork the orc!
The arrow freezes Blork the orc.
You kill Blork the orc!
4249 ||| FLEEEEING.
4250 ||| FLEEEEING.
4251 ||| FLEEEEING.
4252 ||| FLEEEEING.
4253 ||| FLEEEEING.
4254 ||| FLEEEEING.
4255 ||| FLEEEEING.
4256 ||| FLEEEEING.
4257 ||| FLEEEEING.
4258 ||| FLEEEEING.
4259 ||| FLEEEEING.
4260 ||| FLEEEEING.
There is a stone staircase leading up here.
You start resting.
An iguana is nearby!
You shoot an arrow. The arrow completely misses the iguana.
The iguana bites you but does no damage.
You shoot an arrow. The arrow hits the iguana.
The iguana seems to slow down.
The arrow freezes the iguana.
The iguana is moderately wounded.
You shoot an arrow.
The arrow hits the iguana but does no damage.
The iguana is moderately wounded.
The iguana closely misses you.
You shoot an arrow. The arrow closely misses the iguana.
The iguana is no longer moving slowly.
The iguana bites you!
You shoot an arrow. The arrow barely misses the iguana.
The iguana bites you!
You die...

#.# ### #.## #..
#..#
#.#.###..#######
#.#............#
#.# #...####
#.#####......#
#.#.....#.##.#
#@#.)...#.##.#
#.l.....#.#))#
###.....#...))....
#######..##....#
..... .##.# #.#.##
.. . #.#. #.. # #.
.. .!#


You could see an iguana.

Vanquished Creatures
  Eustachio (D:5)
  A water moccasin (D:5)
  An ice beast (D:5)
  2 ogres (D:5)
  Blork the orc (D:6)
  A scorpion (D:5)
  3 kobold brigands (Sewer)
  A hound (D:5)
  2 gnoll boudas
  An orc priest (D:4)
  2 iguanas (D:5)
  11 gnolls
  8 adders
  A river rat (Sewer)
  A shadow imp (D:5)
  4 dart slugs
  9 ribbon worms
  8 orcs
  11 ball pythons
  4 endoplasms
  8 giant cockroaches
  11 goblins
  6 hobgoblins
  4 jackals (D:1)
  11 kobolds
  6 quokkas
  2 bats
  5 frilled lizards
  8 rats
134 creatures vanquished.

Notes
Turn   | Place    | Note
-------+----------+-------------------------------------------
     0 | D:1      | qw the Deep Elf Hunter began the quest for the Orb.
     0 | D:1      | Reached XP level 1. HP: 12/12 MP: 3/3
     0 | D:1      | 0 ||| qw: Version: 0.3-a-155-g5e7d8dd
     0 | D:1      | 0 ||| qw: Game counter: 3249
     0 | D:1      | 0 ||| qw: Melee chars always use a shield: true
     0 | D:1      | 0 ||| qw: God list: Okawaru
     0 | D:1      | 0 ||| qw: Allow faded altars: false
     0 | D:1      | 0 ||| qw: Do Orc after clearing Dungeon:15 true
     0 | D:1      | 0 ||| qw: Do second Lair branch before Depths: true
     0 | D:1      | 0 ||| qw: Lair rune preference: random
     0 | D:1      | 0 ||| qw: Goals: Normal
     0 | D:1      | 0 ||| PLANNING D:1-11
   190 | D:1      | Reached XP level 2. HP: 16/16 MP: 4/4
   205 | D:1      | Reached skill level 6 in Ranged Weapons
   784 | D:1      | 784 ||| UPGRADING to +0 ring mail.
   794 | D:1      | 794 ||| DROPPING +0 leather armour.
   795 | D:1      | 795 ||| UPGRADING to amulet of reflection.
   800 | D:1      | 800 ||| READING scroll labelled WAMIME KALYFI.
   800 | D:1      | 800 ||| BRANDING +0 shortbow.
   801 | D:1      | 801 ||| READING scroll labelled JOOLYPS PEICKUKHO.
   801 | D:1      | 801 ||| IDENTIFYING black potion
   802 | D:1      | 802 ||| DRINKING 2 inky potions.
   802 | D:1      | Gained mutation: You have large cloven feet. [potion of
                  | mutation]
   802 | D:1      | Gained mutation: You have an increased reservoir of magic.
                  | (+10% MP) [potion of mutation]
   803 | D:1      | 803 ||| DRINKING 2 red potions.
   804 | D:1      | 804 ||| DROPPING scroll of butterflies.
   822 | D:2      | Reached XP level 3. HP: 20/20 MP: 5/5
   825 | D:2      | Reached skill level 7 in Ranged Weapons
   925 | D:2      | Reached XP level 4. HP: 23/25 MP: 6/6
  1106 | D:2      | Found a bloodstained altar of Trog.
  1291 | D:2      | 1291 ||| UPGRADING to +0 helmet.
  1296 | D:2      | 1296 ||| READING 6 scrolls of identify.
  1296 | D:2      | 1296 ||| IDENTIFYING bubbling purple potion
  1297 | D:2      | 1297 ||| READING 5 scrolls of identify.
  1297 | D:2      | 1297 ||| IDENTIFYING lumpy white potion
  1298 | D:2      | 1298 ||| READING 4 scrolls of identify.
  1298 | D:2      | 1298 ||| IDENTIFYING sapphire potion
  1299 | D:2      | 1299 ||| READING 3 scrolls of identify.
  1299 | D:2      | 1299 ||| IDENTIFYING 2 bubbling orange potions
  1300 | D:2      | 1300 ||| READING 2 scrolls of identify.
  1300 | D:2      | 1300 ||| IDENTIFYING scroll labelled EQUAXZ TITEKEE
  1301 | D:2      | 1301 ||| READING scroll of identify.
  1301 | D:2      | 1301 ||| IDENTIFYING scroll labelled VAEPRAKO BOAMM
  1302 | D:2      | 1302 ||| READING scroll of enchant armour.
  1302 | D:2      | 1302 ||| ENCHANTING +0 helmet.
  1303 | D:2      | 1303 ||| READING scroll labelled JEMO TOEGUYT.
  1304 | D:2      | 1304 ||| DROPPING potion of invisibility.
  1305 | D:2      | 1305 ||| DROPPING scroll of revelation.
  1306 | D:2      | 1306 ||| DROPPING 2 potions of magic.
  1336 | D:3      | 1336 ||| PLANNING SEWER
  1339 | D:3      | Found Plog's Antique Weapon Boutique.
  1344 | D:3      | 1344 ||| SHOPLISTING glowing hand cannon (169 gold, have
                  | 103).
  1456 | D:3      | Reached skill level 8 in Ranged Weapons
  1628 | D:3      | Found a glowing drain.
  1632 | D:3      | 1632 ||| UPGRADING to ring of protection from fire.
  1633 | D:3      | 1633 ||| READING 2 scrolls of identify.
  1633 | D:3      | 1633 ||| IDENTIFYING scroll labelled UNAWKAM HUCLASETE
  1634 | D:3      | 1634 ||| DROPPING scroll of torment.
  1648 | Sewer    | Entered a sewer
  1679 | Sewer    | 1679 ||| READING scroll of enchant armour.
  1679 | Sewer    | 1679 ||| ENCHANTING +1 helmet.
  1734 | Sewer    | Noticed a kobold brigand
  1745 | Sewer    | Killed a kobold brigand
  1746 | Sewer    | Reached skill level 9 in Ranged Weapons
  1746 | Sewer    | Reached XP level 5. HP: 23/29 MP: 7/7
  1798 | Sewer    | HP: 3/29 [poisoned by a kobold brigand (curare-tipped
                  | dart)]
  1799 | Sewer    | 1799 ||| DRINKING potion of heal wounds.
  1803 | Sewer    | HP: 5/29 [poisoned by a kobold brigand (curare-tipped
                  | dart)]
  1809 | Sewer    | HP: 5/31 [ribbon worm (2)]
  1952 | Sewer    | Reached XP level 6. HP: 36/36 MP: 8/8
  1975 | Sewer    | HP: 9/36 [poisoned by a kobold brigand]
  2098 | Sewer    | 2098 ||| READING scroll of brand weapon.
  2098 | Sewer    | 2098 ||| BRANDING +0 shortbow of flaming.
  2276 | Sewer    | 2276 ||| READING scroll of enchant armour.
  2276 | Sewer    | 2276 ||| ENCHANTING +0 ring mail.
  2401 | Sewer    | 2401 ||| READING scroll of identify.
  2401 | Sewer    | 2401 ||| IDENTIFYING scroll labelled JAOGHY PYAKK
  2424 | D:3      | 2424 ||| PLANNING D:1-11
  2716 | D:3      | 2716 ||| DRINKING 2 viscous yellow potions.
  2717 | D:3      | 2717 ||| DROPPING potion of brilliance.
  2815 | D:4      | Reached skill level 10 in Ranged Weapons
  2859 | D:4      | Reached skill level 3 in Dodging
  2874 | D:4      | Found a bloodstained altar of Trog.
  2874 | D:4      | Found an ornate altar of the Wu Jian Council.
  2876 | D:4      | Found a shadowy altar of Dithmenos.
  3088 | D:4      | 3088 ||| FLEEEEING.
  3089 | D:4      | 3089 ||| FLEEEEING.
  3090 | D:4      | 3090 ||| FLEEEEING.
  3091 | D:4      | 3091 ||| FLEEEEING.
  3092 | D:4      | 3092 ||| FLEEEEING.
  3093 | D:4      | 3093 ||| FLEEEEING.
  3094 | D:4      | 3094 ||| FLEEEEING.
  3095 | D:4      | 3095 ||| FLEEEEING.
  3105 | D:4      | Reached skill level 1 in Armour
  3105 | D:4      | Reached XP level 7. HP: 36/40 MP: 9/9
  3300 | D:4      | Found a burning altar of Makhleb.
  3321 | D:4      | Found an opulent altar of Gozag.
  3322 | D:4      | Found a sacrificial altar of Ru.
  3401 | D:4      | 3401 ||| UPGRADING to +0 pair of gloves.
  3406 | D:4      | 3406 ||| READING 3 scrolls of identify.
  3406 | D:4      | 3406 ||| IDENTIFYING fizzy orange potion
  3407 | D:4      | 3407 ||| READING 2 scrolls of identify.
  3407 | D:4      | 3407 ||| IDENTIFYING murky puce potion
  3408 | D:4      | 3408 ||| DROPPING potion of ambrosia.
  3423 | D:5      | Entered Level 5 of the Dungeon
  3465 | D:5      | HP: 7/40 [ogre/+0 giant spiked club (15)]
  3466 | D:5      | 3466 ||| READING 2 scrolls of teleportation.
  3470 | D:5      | 3470 ||| READING scroll of teleportation.
  3470 | D:5      | HP: 6/40 [dart slug (2)]
  3578 | D:5      | Reached skill level 11 in Ranged Weapons
  3789 | D:5      | Reached skill level 12 in Ranged Weapons
  3849 | D:5      | Noticed Eustachio
  3850 | D:5      | 3850 ||| DRINKING potion of haste.
  3861 | D:5      | Killed Eustachio
  3862 | D:5      | Reached skill level 3 in Fighting
  3862 | D:5      | Reached XP level 8. HP: 46/46 MP: 10/10
  3904 | D:5      | Found a runed translucent door.
  3905 | D:5      | Noticed Crazy Yiuf
  4140 | D:5      | 4140 ||| READING 2 scrolls of identify.
  4140 | D:5      | 4140 ||| IDENTIFYING scroll labelled XUDIHAO NUEMP
  4141 | D:5      | 4141 ||| READING scroll of identify.
  4141 | D:5      | 4141 ||| IDENTIFYING scroll labelled WUITHE GU KIU
  4142 | D:5      | 4142 ||| DROPPING scroll of noise.
  4143 | D:5      | 4143 ||| DROPPING scroll of blinking.
  4218 | D:6      | Noticed Blork the orc
  4229 | D:6      | 4229 ||| RETREEEEATING.
  4242 | D:6      | HP: 11/46 [Blork the orc/+0 halberd (12)]
  4248 | D:6      | Killed Blork the orc
  4249 | D:6      | 4249 ||| FLEEEEING.
  4250 | D:6      | 4250 ||| FLEEEEING.
  4251 | D:6      | 4251 ||| FLEEEEING.
  4252 | D:6      | 4252 ||| FLEEEEING.
  4253 | D:6      | 4253 ||| FLEEEEING.
  4254 | D:6      | 4254 ||| FLEEEEING.
  4255 | D:6      | 4255 ||| FLEEEEING.
  4256 | D:6      | 4256 ||| FLEEEEING.
  4257 | D:6      | 4257 ||| FLEEEEING.
  4258 | D:6      | 4258 ||| FLEEEEING.
  4259 | D:6      | 4259 ||| FLEEEEING.
  4260 | D:6      | 4260 ||| FLEEEEING.
  4265 | D:6      | HP: 6/46 [iguana (7)]
  4266 | D:6      | Slain by an iguana

Levels and vault maps discovered:
D:1:      dpeg_arrival_snail, layout_basic, dk_noncrumbling_2
D:2:      layout_rooms, basic_altar, minmay_octomino_c4
D:3:      layout_basic, serial_shops, shop, gup_sewer_entry_pipe,
          chequers_serial_rivers_small_b
D:4:      layout_basic, mainiacjoe_overflow_small_starburst,
          grunt_temple_overflow_open, serial_bayou_lake_a
D:5:      layout_cave_pools, grunt_decor_clamped, uniq_eustachio,
          uniq_crazy_yiuf_cottage
D:6:      layout_basic, okawaru_ov_weapons_minmay, minmay_temple_entry_ruins,
          uniq_blork_the_orc

Skill      XL: |  1  2  3  4  5  6  7  8 |
---------------+-------------------------+-----
Ranged Weapons | 6 7 9 10 12 | 12.4
Fighting       | 2 3 |  3.5
Dodging        | 3 4 |  4.0
Armour         | 1 |  1.3
Stealth        | |  1.2

Action                     |  1- 3 |  4- 6 |  7- 9 || total
---------------------------+-------+-------+-------++-------
   Fire: Shortbow          |    64 |   252 |   133 ||   449
    Use: Scroll            |     2 |    13 |     6 ||    21
         Potion            |     2 |     2 |     1 ||     5
 Armour: Leather armour    |     5 |       |       ||     5
         Ring mail         |     2 |    26 |    48 ||    76
  Dodge: Dodged            |     7 |    40 |    49 ||    96
  Block: Other             |       |    16 |    13 ||    29
         Reflection        |       |     1 |       ||     1

Table legend:
 A = Non-vault XP
 B = Vault XP
 C = Vault XP percentage of total XP
 D = Non-vault monster count
 E = Vault monster count
 F = Vault count percentage of total count
                 A         B        C        D         E       F
            +---------+---------+-------+---------+---------+-------
      Total |    1195 |     691 |  36.6 |      91 |      43 |  32.1
            +---------+---------+-------+---------+---------+-------
        D:1 |      37 |       0 |   0.0 |      19 |       0 |   0.0
        D:2 |      67 |      25 |  27.2 |      19 |       7 |  26.9
        D:3 |      44 |      12 |  21.4 |      13 |       6 |  31.6
        D:4 |     246 |       0 |   0.0 |      26 |       0 |   0.0
        D:5 |     719 |     191 |  21.0 |      10 |       1 |   9.1
        D:6 |      82 |      94 |  53.4 |       4 |       1 |  20.0
      Sewer |       0 |     369 | 100.0 |       0 |      28 | 100.0
            +---------+---------+-------+---------+---------+-------
